 Dungeon Crawl Stone Soup version 0.29.0-11-gd7f09526c8 (webtiles) character file.

Game seed: 3194775095323200534

16 xian the Caller (level 2, -1/11 HPs)
             Began as a Felid Summoner on Sept 3, 2022.
             Slain by a jackal (3 damage)
             ... on level 1 of the Dungeon.
             The game lasted 00:03:19 (1138 turns).

xian the Caller (Felid Summoner)                    Turns: 1138, Time: 00:03:19

Health: -1/11      AC:  1    Str:  4    XL:     2   Next: 37%
Magic:  4/6        EV: 17    Int: 16    God:
Gold:   36         SH:  0    Dex: 16    Spells: 2/5 levels left
                                        Lives:  0   Deaths: 0

rFire   . . .      SeeInvis +   (weapon unavailable)
rCold   . . .      Faith    .   (shield unavailable)
rNeg    . . .      Spirit   .   (body armour unavailable)
rPois   .          Reflect  .   (helmet unavailable)
rElec   .          Harm     .   (cloak unavailable)
rCorr   .          Rampage  .   (gloves unavailable)
Will    .....                   (boots unavailable)
Stlth   ++........              (no amulet)
HPRegen 0.03/turn               (no ring)
MPRegen 0.10/turn               (no ring)

@: quick
A: very small, claws 1, fangs 3, see invisible, speed 1, shaggy fur 1, stealthy
paws, no weapons or thrown items, no armour, multi-lived
a: no special abilities


You were on level 1 of the Dungeon.
You visited 1 branch of the dungeon, and saw 1 of its levels.

You collected 36 gold pieces.

Inventory:

Scrolls
 b - a scroll of teleportation {unknown}
 e - a scroll of enchant armour {unknown}
 g - a scroll of poison {unknown}
Potions
 a - a potion of magic
 c - a potion of curing {unknown}
 d - a potion of mutation {unknown}
 f - a potion of attraction {unknown}
 h - a potion of might {unknown}


   Skills:
 + Level 3.0 Dodging
 + Level 2.7 Stealth
 + Level 0.2 Unarmed Combat
 + Level 2.1 Spellcasting
 + Level 4.4 Summonings


You had 2 spell levels left.
You knew the following spells:

 Your Spells              Type           Power      Damage    Failure   Level
a - Summon Small Mammal   Summ           60%        N/A       3%          1
b - Call Imp              Summ           15%        N/A       4%          2

Your spell library contained the following spells:

 Spells                   Type           Power      Damage    Failure   Level
 Call Canine Familiar     Summ           15%        N/A       10%         3
 Summon Guardian Golem    Hex/Summ       8%         N/A       24%         3
 Summon Lightning Spire   Summ/Air       8%         N/A       63%         4


Dungeon Overview and Level Annotations

Branches:
Dungeon (1/15)

Altars:


Innate Abilities, Weirdness & Mutations

You have sharp claws.
You have razor-sharp teeth.
You have supernaturally acute eyesight. (SInv)
You cover ground quickly. (Speed+)
You are covered in fur. (AC +1)
Your paws help you pounce on unaware monsters.
You are incapable of wielding weapons or throwing items.
You cannot wear armour.
You gain extra lives every three experience levels.


Message History

Your crimson imp disappears in a puff of smoke!
There is an open door here.
Casting: Call Imp (safe; 4% risk of failure)
Confirm with . or Enter, or press ? or * to list all spells.
The jackal misses you. The jackal closely misses your bat.
Your bat hits the jackal but does no damage.
Your bat closely misses the jackal.
The jackal bites you.
Casting: Summon Small Mammal (safe; 3% risk of failure)
Confirm with . or Enter, or press ? or * to list all spells.
Your bat hits the jackal. x2; The jackal barely misses you.
Your bat hits the jackal but does no damage.
You swap places.
Your bat hits the jackal but does no damage.
Your bat barely misses the jackal.
The jackal completely misses your bat.
Your bat hits the jackal but does no damage.
Your bat hits the jackal.
Your bat closely misses the jackal.
Your bat closely misses the jackal.
Your bat hits the jackal. You scratch the jackal.
The jackal is heavily wounded.
Your bat hits the jackal but does no damage.
Your bat hits the jackal. The jackal closely misses you.
Your bat hits the jackal but does no damage.
The jackal closely misses your bat. The jackal misses you.
You barely miss the jackal.
The jackal is severely wounded.
Your bat hits the jackal but does no damage.
The jackal closely misses your bat.
Your bat hits the jackal but does no damage.
The jackal barely misses your bat. The jackal completely misses you.
Unknown command.
You closely miss the jackal.
The jackal is severely wounded.
Your bat hits the jackal but does no damage.
The jackal misses you.
Your bat closely misses the jackal.
The jackal bites you. x3
* * * LOW HITPOINT WARNING * * *
Your bat completely misses the jackal.
The jackal attacks as you move away! The jackal bites you.
You die...

#...### ###...### #####...#..
.....# ..... ........#.. .....+
+.....+ ........#.# .....#
#.....# ######..... #...###
###...### #....# ##.##.##
##.##.##.## +....+
.#+#...###...#+#...#########....#
..'..⌠..'..⌠..b..h..'......#.....
.#+#...###...#+#@hb###.###.#.####
## ##.## ##.## ##h## #.[.#§#. #
### ### ### #...#h#. #.#g#.#.
#...#.# #####.# ..# ... ###


You could see 3 jackals and 2 friendly bats.

Vanquished Creatures
  2 jackals (D:1)
  2 frilled lizards (D:1)
4 creatures vanquished.

Vanquished Creatures (collateral kills)
  An endoplasm (D:1)
  A giant cockroach (D:1)
  A goblin (D:1)
  2 hobgoblins (D:1)
  A jackal (D:1)
  A quokka (D:1)
  A ball python (D:1)
  A bat (D:1)
  A frilled lizard (D:1)
10 creatures vanquished.

Grand Total: 14 creatures vanquished

Notes
Turn   | Place    | Note
-------+----------+-------------------------------------------
     0 | D:1      | xian the Felid Summoner began the quest for the Orb.
     0 | D:1      | Reached XP level 1. HP: 7/7 MP: 4/4
   616 | D:1      | Reached XP level 2. HP: 4/11 MP: 3/6
   627 | D:1      | Learned a level 2 spell: Call Imp
   877 | D:1      | Found a faded altar of an unknown god.
  1138 | D:1      | Slain by a jackal

Illustrated notes

Levels and vault maps discovered:
D:1:      roderic_dead_forest, layout_basic,
          hellmonk_ecumenical_altar_inner_sanctum, nicolae_hexahallways

Skill      XL: |  1 |
---------------+----+-----
Dodging        | 3 |  3.0
Stealth        | |  2.7
Unarmed Combat | |  0.2
Spellcasting   | |  2.1
Summonings     | |  4.4

Action                   || total
-------------------------++-------
Melee: Unarmed           ||    24
       Bite              ||     1
 Cast: Summon Small Mamm ||    12
       Call Imp          ||     4
 Stab: Sleeping          ||     2
Armor: Skin              ||     2
Dodge: Dodged            ||    34
